 Dungeon Crawl Stone Soup version 0.27-a0-1331-g60ef6b6952 (webtiles) character file.

Game seed: 14878413912307468206

23309 Ijustatesigmund the Covert (level 13, -18/93 HPs)
             Began as an Octopode Fighter on June 25, 2021.
             Was a Priest of Cheibriados.
             Demolished by a skeletal warrior (22 damage)
             ... on level 12 of the Dungeon.
             The game lasted 00:42:40 (22669 turns).

Ijustatesigmund the Covert (Octopode Fighter)      Turns: 22669, Time: 00:42:40

Health: -18/93     AC:  1    Str: 27    XL:     13   Next: 5%
Magic:  24/29      EV: 15    Int: 32    God:    Cheibriados [***...]
Gold:   934        SH: 14    Dex: 24    Spells: 12/12 levels left

rFire    + . .     SeeInvis .   q - +7 war axe of Circularity {protect, rPois Int+4}
rCold    . . .     Faith    .   b - +2 kite shield
rNeg     . . .     Spirit   .   (helmet restricted)
rPois    +         Reflect  .   f - amulet of the acrobat
rElec    .         Harm     .   d - ring of Miracles {rC+ rCorr Str-3 Int+6 Dex+4}
rCorr    +         Rampage  .   o - ring of magical power
Will     .....                  s - +6 ring of strength
Stlth    ++++++....             B - ring of fire
HPRegen  0.25/turn              (no ring)
MPRegen  0.21/turn              (no ring)
                                (no ring)
                                (no ring)

@: mighty, very slow
A: almost no armour, amphibious, 8 rings, camouflage 1, gelatinous body 1,
(nimble swimmer 1), tentacles
a: Renounce Religion, Bend Time, Temporal Distortion


You were on level 12 of the Dungeon.
You worshipped Cheibriados.
Cheibriados was most pleased with you.
You visited 2 branches of the dungeon, and saw 15 of its levels.
You visited 1 bazaar.
You also visited: Sewer and Ossuary.

You collected 1972 gold pieces.
You spent 1038 gold pieces at shops.

Inventory:

Hand Weapons
 q - the +7 war axe of Circularity (weapon) {protect, rPois Int+4}
   (You found it on level 7 of the Dungeon)

   It grants its wielder temporary protection when it strikes (+7 to AC).
   It affects your intelligence (+4).
   It protects you from poison.
 z - the +3 hand axe "Dragonslayer" {protect, rN+++ Will- Dex-2 SInv}
   (You found it on level 11 of the Dungeon)

   It grants its wielder temporary protection when it strikes (+7 to AC).
   It affects your dexterity (-2).
   It renders you almost immune to negative energy.
   It lets you see invisible.
   It decreases your willpower.
 D - a +1 hand axe of flaming
Missiles
 a - 4 throwing nets (quivered)
 r - 2 atropa-tipped darts
Armour
 b - a +2 kite shield (worn)
Jewellery
 d - the ring of Miracles (left tentacle) {rC+ rCorr Str-3 Int+6 Dex+4}
   (You acquired it on level 4 of the Dungeon)

   [ring of resist corrosion]

   It affects your strength (-3).
   It affects your intelligence (+6).
   It affects your dexterity (+4).
   It protects you from cold.
   It protects you from acid and corrosion.
 f - an amulet of the acrobat (around mantle)
 j - a ring of magical power
 o - a ring of magical power (right tentacle)
 s - a +6 ring of strength (on tentacle)
 B - a ring of fire (on tentacle)
Wands
 i - a wand of acid (29)
 k - a wand of flame (26)
 t - a wand of polymorph (5)
 v - a wand of iceblast (23)
 A - a wand of mindburst (13)
 G - a wand of charming (8)
Scrolls
 h - 5 scrolls of identify
 n - 5 scrolls of fog
 w - 3 scrolls of torment {unknown}
 E - a scroll of summoning {unknown}
Potions
 e - 2 potions of magic
 g - a potion of invisibility
 l - 3 potions of flight
 m - 9 potions of curing
 p - 2 potions of haste
 u - 6 potions of mutation
 C - a potion of resistance


   Skills:
 + Level 10.6 Fighting
 + Level 10.0(11.0) Axes
 - Level 7.7(10.0) Polearms
 - Level 5.6 Dodging
 - Level 10.7 Stealth
 - Level 5.6 Shields
 + Level 10.0 Invocations
 + Level 5.4 Evocations


You had 12 spell levels left.
You didn't know any spells.
Your spell library was empty.

Dungeon Overview and Level Annotations

Branches:
Dungeon (14/15)            Temple (1/1) D:5            Lair (0/6) D:11
    Orc (0/2) D:11          Sewer (visited)         Ossuary (visited)
 Vaults: D:13-14

Altars:
Ashenzari
Cheibriados
Dithmenos
Elyvilon
Fedhas
Gozag
Hepliaklqana
Kikubaaqudgha
Makhleb
Nemelex Xobeh
Okawaru
Qazlal
Ru
Sif Muna
Trog
Uskayaw
Vehumet
Wu Jian
Xom
Yredelemnul
Zin
The Shining One

Shops:
D:4 ?   D:11 [*

Portals:
Trove: D:10 (give 3 potions of resistance)

Annotations:
D:10 2 transporters, exclusion: ice statue, fly's ghost, journeyman HuDe
D:14 2 transporters


Innate Abilities, Weirdness & Mutations

You cannot wear most types of armour.
You are amphibious.
You can wear up to eight rings at the same time.
Your skin changes colour to match your surroundings (Stealth+).
Your rubbery body absorbs attacks. (AC +1, EV +1)
((You are camouflaged near water. (Stealth+)))
You have tentacles for arms and can constrict up to eight enemies at once.


Message History

The skeletal warrior completely misses you.
Items here: ( )) †.
The yaktaur shoots a bolt.
You block the bolt.
The skeletal warrior throws a stone.
The stone hits you!
The skeletal warrior throws a stone.
You block the stone.
Items here: (( )).
The yaktaur drinks a potion.
The yaktaur suddenly seems more resistant.
The skeletal warrior completely misses you.
The skeletal warrior throws a stone.
You block the stone.
The skeletal warrior throws a stone.
The stone completely misses you.
The yaktaur shoots a bolt.
The bolt hits you!!
* * * LOW HITPOINT WARNING * * *
The yaktaur shoots a bolt.
You block the bolt.
The skeletal warrior completely misses you.
The skeletal warrior hits you with a +0 short sword!!
* * * LOW HITPOINT WARNING * * *
The skeletal warrior throws a stone.
You block the stone.
Okay, then.
Okay, then.
Okay, then.
You feel much better. The skeletal warrior misses you.
The yaktaur unwields a +0 arbalest.
You block the yaktaur's attack.
There is a stone staircase leading up, spattered with blood here.
You block the skeletal warrior's attack.
The yaktaur barely misses you.
You climb upwards.
There is a stone staircase leading down, spattered with blood here.
Okay, then.
You can feel time thicken for a moment.
You can no longer inflict damage on those overly hasty.
Cheibriados lowers the support of your attributes as your movement quickens.
The skeletal warrior hits you with a +0 short sword!
* * * LOW HITPOINT WARNING * * *
The yaktaur hits you!
* * * LOW HITPOINT WARNING * * *
You feel very mighty all of a sudden.
The skeletal warrior hits you with a +0 short sword!!
You die...

.....# #.#......< .....#
#.#.###### .....# #.#.# #...
.....# #.#.# #.## .....# #.#.#
#.## .....# #.#.# #... ..[..#
#.#.######
.....###################)#.##...<
...............z@c.....#.#....##.
.....#############.###.#.#######.
.....########### #.# #.#.........
###.........^..# #.# #.....!.....
#...≈≈≈......# #.###########)..
###...≈≈.......###........#.....#
..'...≈...............###.#..#...
###............####...###.#.#####
#........≈...####()..##.#......


You could see a skeletal warrior and a yaktaur (resistant).

Vanquished Creatures
  2 hydras
  A boulder beetle (D:13)
  3 two-headed ogres
  A centaur warrior (D:14)
  A death yak (D:11)
  An orc knight (D:13)
  An ugly thing (D:10)
  3 cyclopes
  An elephant (D:11)
  2 gargoyles (D:11)
  An efreet (D:13)
  A komodo dragon (shapeshifter) (D:14)
  3 yaktaurs (D:13)
  7 ice devils (D:10)
  6 trolls
  A hornet (shapeshifter) (D:14)
  4 slime creatures
  A vampire (D:12)
  2 shadows
  8 yaks
  2 basilisks (D:11)
  11 vampire mosquitoes
  2 steam dragons
  A water moccasin (D:7)
  3 ice beasts
  A black bear (D:6)
  5 orc warriors
  A sky beast (D:7)
  2 ogres (D:4)
  A wolf (D:9)
  9 centaurs
  4 kobold brigands
  3 bullfrogs
  4 scorpions
  A wyvern zombie (D:6)
  6 gnoll sergeants
  A water moccasin zombie (D:5)
  A wyvern skeleton (D:6)
  A jelly (D:8)
  6 killer bees (D:8)
  A howler monkey (D:10)
  An electric eel (D:12)
  2 bullfrog zombies
  A human zombie (Ossuary)
  7 orc priests
  2 centaur skeletons
  Crazy Yiuf (D:4)
  2 centaur zombies
  2 gnoll shamans (D:9)
  5 hounds (D:9)
  A bullfrog skeleton (D:5)
  4 iguanas
  18 orc wizards
  2 mummies (Ossuary)
  2 howler monkey zombies
  34 gnolls
  8 adders
  A river rat (Sewer)
  2 white imps (D:8)
  5 ufetubi (D:10)
  2 worms (Sewer)
  A dart slug (D:3)
  60 orcs
  2 bats (D:2)
  4 endoplasms
  6 giant cockroaches
  2 goblins
  4 hobgoblins
  10 jackals
  5 quokkas
  8 ball pythons
  2 frilled lizards
  8 goblin zombies (Ossuary)
  2 hobgoblin zombies (Ossuary)
  13 kobolds
  3 orc zombies (Ossuary)
  A quokka zombie (D:8)
  4 rats
353 creatures vanquished.

Vanquished Creatures (others)
  A centaur warrior (D:13)
  An orc wizard (D:3)
  A jackal (D:9)
  A fungus (D:11)
4 creatures vanquished.

Grand Total: 357 creatures vanquished

Notes
Turn   | Place    | Note
-------+----------+-------------------------------------------
     0 | D:1      | Ijustatesigmund the Octopode Fighter began the quest for
                  | the Orb.
     0 | D:1      | Reached XP level 1. HP: 16/16 MP: 1/1
   205 | D:1      | You fall into a shaft and drop 1 floor!
   211 | D:2      | Reached XP level 2. HP: 19/21 MP: 2/2
   350 | D:2      | Reached XP level 3. HP: 26/26 MP: 3/3
  1088 | D:2      | Reached XP level 4. HP: 29/33 MP: 4/4
  1423 | D:3      | Found an opulent altar of Gozag.
  1470 | D:3      | Reached XP level 5. HP: 13/38 MP: 5/5
  2030 | D:3      | Found a stormy altar of Qazlal.
  2709 | D:4      | Identified the +1 ring mail of Vampiric Thralls {rC++ rN+}
  2759 | D:4      | Noticed an ogre
  2768 | D:4      | Killed an ogre
  2769 | D:4      | Reached skill level 5 in Fighting
  2769 | D:4      | Reached XP level 6. HP: 41/45 MP: 6/6
  3000 | D:4      | Found Ydeiffyesh's Magic Scroll Shop.
  3006 | D:4      | Bought a scroll of fog for 26 gold pieces
  3006 | D:4      | Bought a scroll of identify for 26 gold pieces
  3150 | D:4      | Identified a scroll of acquirement
  3150 | D:4      | Acquired the ring of Miracles {rC+ rCorr Str-3 Int+6 Dex+4}
  3243 | D:5      | Entered Level 5 of the Dungeon
  3462 | D:5      | Found a staircase to the Ecumenical Temple.
  3605 | D:5      | Found a large runed translucent door.
  3606 | D:5      | Found a large runed translucent door.
  3608 | D:5      | Found a shimmering altar of Xom.
  3645 | D:5      | Found a glowing drain.
  3662 | Sewer    | Entered a sewer
  3751 | Sewer    | Reached skill level 5 in Polearms
  3875 | Sewer    | Reached XP level 7. HP: 43/51 MP: 7/7
  5077 | D:5      | Reached XP level 8. HP: 36/58 MP: 8/8
  6354 | D:4      | Found a runed translucent door.
  6355 | D:4      | Noticed Crazy Yiuf
  6364 | D:4      | Killed Crazy Yiuf
  9130 | D:6      | Reached XP level 9. HP: 59/67 MP: 9/9
  9930 | D:6      | Found a white marble altar of Elyvilon.
 10055 | D:7      | Identified the +7 war axe of Circularity {protect, rPois
                  | Int+4}
 10085 | D:7      | Acquired a +6 ring of strength
 10445 | D:7      | Reached skill level 1 in Axes
 10880 | D:7      | Found a glowing silver altar of Zin.
 10882 | D:7      | Found a hide-covered altar of Uskayaw.
 10886 | D:7      | Found a burning altar of Makhleb.
 10886 | D:7      | Found a basalt altar of Yredelemnul.
 10886 | D:7      | Found an ancient bone altar of Kikubaaqudgha.
 11064 | D:7      | Found a shadowy altar of Dithmenos.
 11065 | D:7      | Found an iron altar of Okawaru.
 11067 | D:7      | Found an ornate altar of the Wu Jian Council.
 11068 | D:7      | Found a bloodstained altar of Trog.
 11074 | D:7      | Found a broken altar of Ashenzari.
 11450 | D:8      | Reached skill level 5 in Dodging
 11450 | D:8      | Reached skill level 5 in Shields
 11636 | D:8      | Found a sand-covered staircase.
 11643 | Ossuary  | Entered an ossuary
 12333 | D:8      | Reached XP level 10. HP: 67/74 MP: 10/10
 12838 | Temple   | Entered the Ecumenical Temple
 12968 | Temple   | Became a worshipper of Cheibriados the Contemplative
 13064 | D:9      | Reached skill level 1 in Stealth
 13064 | D:9      | Reached skill level 1 in Invocations
 13133 | D:9      | Reached * piety under Cheibriados
 13232 | D:9      | Noticed a two-headed ogre
 14027 | D:9      | Reached ** piety under Cheibriados
 14096 | D:9      | Reached skill level 5 in Axes
 14199 | D:9      | Killed a two-headed ogre
 14200 | D:9      | Reached skill level 5 in Stealth
 15004 | D:10     | Entered Level 10 of the Dungeon
 15004 | D:10     | Noticed a catoblepas
 15004 | D:10     | Noticed fly's ghost (journeyman HuDe)
 15007 | D:10     | Noticed a two-headed ogre
 15009 | D:10     | Noticed a manticore
 15015 | D:10     | Found a transporter.
 15112 | D:10     | Reached skill level 5 in Invocations
 15138 | D:10     | Noticed an ice statue
 15165 | D:10     | Reached XP level 11. HP: 44/80 MP: 14/14
 15375 | D:10     | Reached *** piety under Cheibriados
 15954 | D:10     | Found a transporter.
 16053 | D:10     | Noticed a purple ugly thing
 16067 | D:10     | Killed a purple ugly thing
 16196 | D:10     | Found a portal to a secret trove of treasure.
 16278 | D:10     | Noticed a two-headed ogre
 16287 | D:10     | Killed a two-headed ogre
 16911 | D:11     | Found a flagged portal.
 16959 | D:11     | Identified the +3 hand axe "Dragonslayer" {protect, rN+++
                  | Will- Dex-2 SInv}
 16963 | D:11     | Found a flickering gateway to a bazaar.
 16972 | Bazaar   | Entered a bazaar
 17183 | Bazaar   | Found Fogoyxzu's Magic Scroll Emporium.
 17183 | Bazaar   | Found Tovaigaeh's General Store.
 17218 | Bazaar   | Found Reteoses's Jewellery Shoppe.
 17234 | Bazaar   | Found Xoutz's Weapon Emporium.
 17294 | Bazaar   | Bought a scroll of acquirement for 884 gold pieces
 17294 | Bazaar   | Bought a scroll of identify for 34 gold pieces
 17294 | Bazaar   | Bought a scroll of identify for 34 gold pieces
 17294 | Bazaar   | Bought a scroll of identify for 34 gold pieces
 17360 | D:11     | Acquired 571 gold pieces
 17525 | D:11     | Found Dotudutz's Demolitions Depot.
 17751 | D:11     | Reached **** piety under Cheibriados
 17968 | D:11     | Found a staircase to the Orcish Mines.
 17970 | D:11     | Found Oshre Fecs's Armour Shop.
 18053 | D:11     | Reached skill level 10 in Stealth
 18427 | D:11     | Noticed a cyclops
 18432 | D:11     | Killed a cyclops
 18464 | D:11     | Found a staircase to the Lair.
 18465 | D:11     | Noticed a death yak
 18670 | D:11     | Killed a death yak
 18671 | D:11     | Reached XP level 12. HP: 45/86 MP: 18/18
 19330 | D:12     | Noticed a two-headed ogre
 19352 | D:12     | Killed a two-headed ogre
 19353 | D:12     | Reached skill level 1 in Evocations
 19627 | D:12     | Identified the +1 robe of Wariness {rPois rCorr Str+4
                  | Dex-2}
 20020 | D:12     | Noticed an eight-headed hydra
 20033 | D:12     | Killed a three-headed hydra
 20762 | D:13     | Noticed a centaur warrior
 20766 | D:13     | Noticed an eight-headed hydra
 20768 | D:13     | Killed a centaur warrior
 20769 | D:13     | Reached skill level 10 in Fighting
 20773 | D:13     | Noticed a centaur warrior
 20773 | D:13     | Noticed a boulder beetle
 21044 | D:13     | Noticed a six-headed hydra
 21055 | D:13     | Killed a two-headed hydra
 21111 | D:13     | Noticed a six-headed hydra
 21383 | D:14     | Found a transporter.
 21385 | D:14     | Noticed a tengu warrior
 21386 | D:14     | Noticed a two-headed ogre
 21386 | D:14     | Noticed a tengu warrior
 21395 | D:14     | Noticed a centaur warrior
 21406 | D:14     | Killed a centaur warrior
 21621 | D:14     | Noticed a two-headed ogre
 21622 | D:14     | Found a transporter.
 21623 | D:14     | Noticed a two-headed ogre
 21810 | D:13     | Killed a boulder beetle
 21811 | D:13     | Reached skill level 5 in Evocations
 22366 | D:12     | Reached XP level 13. HP: 26/93 MP: 20/20
 22649 | D:13     | Reached skill level 10 in Invocations
 22650 | D:13     | Reached skill level 10 in Axes
 22662 | D:13     | HP: 1/93 [skeletal warrior (21)]
 22668 | D:12     | HP: 4/93 [yaktaur (15)]
 22669 | D:12     | Demolished by a skeletal warrior

Illustrated notes

Levels and vault maps discovered:
D:1:      dpeg_arrival_rhombi, layout_loops_ring,
          chequers_ecumenical_altar_island
D:2:      layout_basic, minmay_split_cup_small
D:3:      layout_loops_ring, marbit_many_paths, old_standard_altar
D:4:      layout_loops_ring, serial_shops, shop_fountains,
          uniq_crazy_yiuf_cottage
D:5:      due_chaos_kobolds, layout_basic, minmay_temple_entry_grid,
          gup_sewer_entry_pipe
D:6:      layout_layer_cave, kennysheep_little_box, kennysheep_generic_room_7
D:7:      layout_loops_ring, minitemple
D:8:      layout_loops_corners, enter_ossuary_4
D:9:      layout_big_octagon, serial_gnoll_camp, gnoll_camp_mini_hut,
          gnoll_camp_huts_moat, gnoll_camp_mini_house, gnoll_camp_medium_02,
          gnoll_camp_mini_hut, minmay_misc_feat_pillars
D:10:     cheibrodos_frozen_isle, layout_rooms, enter_trove_6,
          gammafunk_ghost_arena
D:11:     layout_stronghold, david_lair_generic, orc_david_3, serial_shops,
          bzr_entry_water, enter_bailey_2, nicolae_blasting_shop
D:12:     layout_basic
D:13:     layout_gridville, hangedman_vaults_entry_quadrant_bands
D:14:     minmay_inner_zag, layout_basic, gammafunk_ghost_wrathful_warriors,
          kennysheep_nondescript
Temple:   nicolae_temple_figure_zero

Skill      XL: |  1  2  3  4  5  6  7  8  9 10 11 12 13 |
---------------+----------------------------------------+-----
Polearms       | 3 4 5 6 7 |  7.7
Fighting       | 4 5 6 8 9 10 | 10.6
Dodging        | 5 |  5.6
Shields        | 5 |  5.6
Axes           | 3 6 8 9 10 | 10.0
Stealth        | 6 10 | 10.7
Invocations    | 5 8 9 10 | 10.0
Evocations     | 5 |  5.4

Action                   |  1- 3 |  4- 6 |  7- 9 | 10-12 | 13-15 || total
-------------------------+-------+-------+-------+-------+-------++-------
Melee: Trident           |    64 |   119 |   205 |       |       ||   388
       Constrict         |    15 |    23 |    59 |    54 |     1 ||   152
       Tentacles         |    11 |    21 |    64 |   134 |     4 ||   234
       War axe           |       |       |   112 |   349 |     7 ||   468
       Hand axe          |       |       |       |    11 |       ||    11
Throw: Throwing net      |       |       |       |     5 |       ||     5
Invok: Bend Time         |       |       |       |     1 |       ||     1
       Slouch            |       |       |       |     3 |     1 ||     4
Evoke: Wand              |       |       |     7 |    31 |     1 ||    39
  Use: Scroll            |       |     6 |    12 |    12 |       ||    30
       Potion            |       |     2 |     6 |     6 |     2 ||    16
 Stab: Sleeping          |     5 |    11 |    11 |     7 |       ||    34
       Held in net/web   |       |       |       |     4 |       ||     4
       Distracted        |       |       |       |     1 |       ||     1
Armor: Skin              |     4 |     7 |    41 |   104 |     1 ||   157
Dodge: Dodged            |    29 |    42 |   126 |   219 |    15 ||   431
Block: Kite shield       |    20 |    31 |   126 |   340 |    13 ||   530

Table legend: (Time is in decaauts)
 A = Elapsed time spent in this place.
 B = Non-inter-level travel time spent in this place.
 C = Inter-level travel time spent in this place.
 D = Time resting spent in this place.
 E = Time spent auto-exploring this place.
 F = Levels seen in this place.
 G = Mean time per level.
                   A        B        C        D        E       F      G
               +--------+--------+--------+--------+--------+-----+--------+
         Total |  25030 |  24447 |    583 |   8424 |  12503 |  18 | 1390.6 |
       Dungeon |  23592 |  23038 |    554 |   8310 |  11612 |  14 | 1685.1 |
        Temple |    143 |    114 |     29 |      0 |    113 |   1 |  143.0 |
        Bazaar |    491 |    491 |      0 |      0 |    326 |   1 |  491.0 |
         Sewer |    533 |    533 |      0 |      4 |    378 |   1 |  533.0 |
       Ossuary |    269 |    269 |      0 |    110 |     74 |   1 |  269.0 |
               +--------+--------+--------+--------+--------+-----+--------+

Top non-repeatable levels by time:
     D:5: 2881 daAuts
    D:11: 2723 daAuts
     D:6: 2660 daAuts
    D:12: 2423 daAuts
     D:9: 2352 daAuts
    D:10: 2139 daAuts
     D:4: 1487 daAuts
     D:3: 1476 daAuts
     D:8: 1372 daAuts
     D:7: 1179 daAuts
     D:2: 996 daAuts
    D:13: 886 daAuts
    D:14: 805 daAuts
   Sewer: 533 daAuts
  Bazaar: 491 daAuts
